Map: Prion Terraces

Players

Pitghi

  • Race: Terran Terran
  • League: Diamond

VampyWorm - Winner!

  • Race: Protoss Protoss
  • League: Diamond

VOD

Have the link to the VOD?

Description

Time

  • Played on: Dec. 16, 2015, 2:04 p.m.
  • Length: 13:08
Show
View Real Time Build Order
Export as new Build Order

Pitghi Terran 

Build Orders: Liberator Opening, MMM Bio 

Get SALT Encoding   

  12  0:01  SCV  
  13  0:13  SCV  
  14  0:18  Supply Depot  
  14  0:25  SCV  
  15  0:40  SCV  
  15  0:41  Barracks  
  16  0:46  Refinery  
  16  0:52  SCV  
  17  1:04  SCV  
  18  1:19  SCV  
  19  1:30  Barracks Reactor  
  19  1:31  Orbital Command  
  19  1:42  Command Center  
  19  1:48  Refinery  
  19  1:56  Supply Depot  
  19  2:00  SCV  
  20  2:06  Marine  
  20  2:07  Marine  
  22  2:14  SCV  
  23  2:21  Factory  
  23  2:27  Marine  
  23  2:28  Marine  
  25  2:35  SCV  
  26  2:46  Marine x2  
  26  2:47  SCV  
  29  2:55  Orbital Command  
  29  2:59  SCV  
  29  3:05  Factory Tech Lab  
  30  3:07  Starport  
  30  3:08  Marine  
  30  3:11  Marine  
  32  3:16  SCV  
  33  3:22  SCV  
  33  3:26  Cyclone  
  37  3:32  Liberator  
  37  3:36  SCV, Marine x2  
  40  3:42  Supply Depot  
  40  3:44  SCV  
  41  3:52  SCV  
  41  3:54  Marine  
  46  4:03  Supply Depot, Marine  
  46  4:07  Siege Tank  
  46  4:08  SCV  
  46  4:09  SCV  
  52  4:15  Marine  
  52  4:16  Supply Depot  
  53  4:23  SCV  
  54  4:25  SCV  
  55  4:38  Marine x2  
  56  4:39  Medivac  
  56  4:40  Siege Tank  
  56  4:41  SCV x2  
  64  4:58  Marine x2  
  57  5:15  Siege Tank  
  57  5:16  Marine x2  
  57  5:17  Barracks  
  57  5:18  Engineering Bay, Barracks  
  57  5:19  SCV x2  
  64  5:31  SCV  
  64  5:32  SCV  
  64  5:34  Marine  
  64  5:35  Marine  
  65  5:44  SCV x2  
  65  5:46  Supply Depot, Missile Turret  
  67  5:50  Missile Turret  
  67  5:51  Medivac  
  67  5:56  Marine  
  70  6:02  Marine  
  70  6:03  Supply Depot  
  71  6:09  Barracks Tech Lab  
  71  6:14  Marine  
  72  6:19  SCV x2  
  72  6:21  Stimpack  
  72  6:24  Starport Reactor  
  74  6:29  Combat Shields  
  74  6:31  SCV  
  75  6:33  SCV  
  75  6:36  Command Center  
  76  6:42  Refinery x2  
  63  7:08  Marine x2  
  62  7:10  Factory Tech Lab, Medivac x2  
  62  7:14  Supply Depot  
  60  7:35  SCV  
  60  7:36  Marine x2  
  54  7:37  Marauder, Marine  
  54  7:42  Terran Infantry Weapons Level 1  
  58  7:44  Starport, Engineering Bay  
  58  7:53  Liberator  
  58  7:54  Marine x2  
  58  7:55  Marauder  
  58  7:56  Liberator  
  62  7:59  Marauder  
  62  8:04  Concussive Shells  
  64  8:08  Barracks  
  64  8:09  Barracks  
  64  8:12  Marine x2  
  69  8:15  SCV x2  
  69  8:16  Marine  
  69  8:19  Marine  
  75  8:25  Orbital Command  
  76  8:27  SCV x2  
  76  8:31  Liberator  
  76  8:33  Marine x2  
  80  8:39  SCV x2  
  82  8:45  Marine x2  
  84  8:51  SCV, Marine  
  89  8:56  Marine  
  89  8:59  Terran Infantry Armor Level 1  
  90  9:03  Marauder, Marine  
  90  9:04  Liberator  
  90  9:05  Armory  
  90  9:06  Barracks Reactor x2  
  90  9:09  Marine  
  94  9:14  Marine  
  95  9:21  Marauder  
  95  9:22  SCV x3  
  103  9:24  Marine  
  103  9:27  Marine  
  105  9:42  Marine  
  105  9:43  Marine x2, Refinery, Marauder x2  
  112  9:46  Liberator x2  
  112  9:48  Refinery  
  112  9:51  Marine x3  
  115  10:04  Marauder  
  115  10:05  Marauder  
  115  10:06  Supply Depot x2  
  125  10:07  Supply Depot  
  125  10:21  Liberator  
  125  10:23  SCV x2, Marine x3  
  125  10:25  Supply Depot, Marauder  
  125  10:27  Supply Depot x2, Marine x2  
  134  10:29  Liberator x2  
  142  10:52  Marine x4  
  142  10:53  Marauder x2, Marine  
  151  10:58  Marine  
  145  11:13  Marine x3  
  145  11:14  Marauder  
  136  11:41  Marine x2  
  136  11:42  Marauder x2  
  142  11:47  Marine  
  143  11:55  Marine  
  144  12:03  Marauder x2  
  144  12:08  Marine x3  
  146  12:22  Marine x2  
  121  12:23  Marine  
  121  12:25  Marauder x2  
  121  12:26  Marine  
  88  12:33  Marine x2  
  79  12:39  Marine x2  
  79  12:40  Marine  
  82  12:44  SCV x3  
  82  12:46  Marauder x2  
Show
View Real Time Build Order
Export as new Build Order

VampyWorm Protoss - Winner!

Build Orders: 1 Gate Expand, Oracle Opening 

Get SALT Encoding   

  12  0:01  Probe (Chrono Boost)  
  13  0:12  Probe (Chrono Boost)  
  14  0:18  Pylon  
  14  0:22  Probe (Chrono Boost)  
  15  0:37  Probe (Chrono Boost)  
  15  0:38  Gateway  
  16  0:47  Probe (Chrono Boost)  
  17  1:08  Nexus  
  17  1:13  Assimilator  
  17  1:19  Assimilator  
  17  1:21  Probe (Chrono Boost)  
  18  1:32  Cybernetics Core  
  18  1:34  Probe (Chrono Boost)  
  19  1:45  Probe (Chrono Boost)  
  20  1:47  Pylon  
  20  1:55  Probe (Chrono Boost)  
  21  2:09  Mothership Core (Chrono Boost)  
  21  2:13  Warp Gate  
  23  2:21  Probe (Chrono Boost)  
  24  2:23  Adept  
  24  2:27  Probe (Chrono Boost)  
  26  2:33  Probe (Chrono Boost)  
  27  2:38  Probe (Chrono Boost)  
  27  2:44  Probe (Chrono Boost)  
  29  2:46  Stargate  
  29  2:48  Probe (Chrono Boost)  
  30  2:54  Probe (Chrono Boost)  
  31  2:59  Probe (Chrono Boost)  
  31  3:05  Probe (Chrono Boost)  
  33  3:09  Probe (Chrono Boost)  
  33  3:12  Pylon  
  34  3:15  Probe (Chrono Boost)  
  34  3:17  Robotics Facility  
  35  3:21  Probe (Chrono Boost)  
  35  3:25  Probe (Chrono Boost)  
  37  3:31  Probe (Chrono Boost), Oracle (Chrono Boost)  
  41  3:35  Probe  
  42  3:42  Gateway  
  42  3:43  Probe  
  43  3:50  Gateway, Probe  
  43  3:55  Probe  
  45  4:00  Probe  
  46  4:05  Void Ray (Chrono Boost)  
  46  4:08  Probe  
  51  4:13  Probe, Assimilator  
  51  4:15  Assimilator  
  52  4:18  Observer  
  52  4:20  Probe  
  54  4:35  Probe  
  54  4:36  Pylon  
  53  4:45  Probe  
  52  4:47  Stalker  
  52  4:48  Mothership Core  
  54  4:57  Probe  
  55  5:01  Observer  
  56  5:09  Probe  
  56  5:13  Probe  
  54  5:15  Void Ray (Chrono Boost)  
  54  5:16  Zealot  
  54  5:20  Pylon  
  61  5:24  Probe  
  61  5:38  Probe, Immortal  
  61  5:39  Probe  
  67  5:45  Stalker  
  69  5:51  Nexus  
  69  5:52  Probe  
  69  5:54  Pylon x2  
  70  5:57  Assimilator  
  70  6:07  Probe  
  70  6:09  Pylon  
  70  6:14  Void Ray (Chrono Boost)  
  70  6:18  Twilight Council  
  74  6:19  Immortal (Chrono Boost), Forge, Pylon  
  74  6:21  Zealot  
  74  6:23  Zealot  
  82  6:27  Adept  
  82  6:28  Probe  
  85  6:37  Probe  
  86  6:40  Probe  
  86  6:44  Stalker x2  
  91  6:47  Stalker  
  91  6:49  Probe  
  91  6:52  Probe  
  87  7:08  Protoss Ground Weapons Level 1 (Chrono Boost), Charge  
  87  7:12  Immortal (Chrono Boost)  
  87  7:13  Zealot x3  
  97  7:17  Pylon  
  97  7:21  Probe  
  98  7:29  Probe x2  
  95  7:35  Zealot x2  
  95  7:36  Stalker  
  100  7:37  Probe, Void Ray  
  100  7:39  Probe, Assimilator  
  100  7:41  Probe  
  107  7:48  Immortal (Chrono Boost)  
  107  7:50  Gateway  
  111  7:53  Pylon  
  111  7:55  Probe  
  112  8:02  Probe  
  113  8:09  Zealot x2  
  113  8:10  Stalker  
  119  8:13  Nexus  
  119  8:15  Void Ray  
  119  8:18  Probe  
  122  8:27  Probe  
  122  8:28  Robotics Bay  
  122  8:30  Observer (Chrono Boost)  
  124  8:37  Forge  
  124  8:40  Probe x2  
  125  8:41  Probe  
  125  8:45  Stalker x2  
  125  8:46  Zealot  
  133  8:49  Pylon  
  133  8:52  Pylon  
  133  8:56  Resonating Glaives (Chrono Boost)  
  133  8:58  Pylon  
  133  9:01  Void Ray  
  133  9:07  Probe  
  138  9:11  Pylon, Zealot  
  138  9:12  Stalker, Zealot  
  138  9:13  Stalker  
  138  9:15  Disruptor (Chrono Boost)  
  149  9:17  Protoss Ground Weapons Level 2  
  149  9:20  Observer Gravitic Boosters  
  149  9:26  Probe  
  150  9:32  Gateway x2  
  150  9:33  Pylon  
  150  9:36  Stalker x2  
  150  9:37  Adept  
  156  9:39  Adept  
  158  10:02  Stalker x2  
  158  10:03  Stalker x2  
  158  10:05  Pylon  
  166  10:24  Warp Prism (Chrono Boost)  
  166  10:27  Void Ray  
  168  10:29  Gravitic Drive  
  168  10:31  Stalker x3  
  168  10:34  Stalker  
  176  11:03  Zealot x3  
  177  11:04  Stalker x3  
  177  11:10  Probe  
  182  11:18  Disruptor (Chrono Boost)  
  185  11:21  Probe  
  182  11:45  Void Ray  
  182  11:53  Forge  
  186  11:54  Zealot, Pylon  
  186  11:59  Pylon  
  186  12:00  Pylon  
  188  12:01  Pylon  
  186  12:11  Nexus  
  186  12:13  Disruptor (Chrono Boost)  
  186  12:14  Pylon  
  156  12:15  Pylon  
  156  12:18  Assimilator  
  128  12:23  Adept  
  128  12:24  Adept x5, Assimilator  
  130  12:39  Probe x2  
  132  12:45  Stalker x3  
  132  12:46  Adept, Pylon  
  132  12:47  Adept x2  
Tags
 
Add a new tag
Caveats
  • Supply blocks, unpowered buildings, or Contaminate may cause inaccurate times.
  • Supply counts are checked every 10 seconds.